 Dungeon Crawl Stone Soup version 0.31.0-9-g3a7656b989 (webtiles) character file.

Game seed: 7357438471159984121

234 qw the Shooter (level 5, -2/26 HPs)
             Began as a Spriggan Hunter on Feb 2, 2024.
             Slain by Duvessa
             ... wielding a +0 short sword
              (11 damage)
             ... on level 4 of the Dungeon.
             The game lasted 00:00:09 (2713 turns).

qw the Shooter (Spriggan Hunter)                    Turns: 2713, Time: 00:00:10

Health: -2/26      AC:  2    Str:  6 (7)  XL:     5   Next: 75%
Magic:  6/6        EV: 20    Int:  9 (10) God:
Gold:   1086       SH:  0    Dex: 20 (21) Spells: 4/4 levels left

rFire   . . .        a - +0 shortbow
rCold   . . .        (shield currently unavailable)
rNeg    + . .        c - +0 robe
rPois   .            (helmet restricted)
rElec   .            (no cloak)
rCorr   .            (gloves unavailable)
SInv    +            (boots unavailable)
Will    .....        (no amulet)
Stlth   ++           h - ring of positive energy
HPRegen 0.24/turn    (no ring)
MPRegen 0.10/turn

%: no passive effects
@: very quick
A: very small, no large weapons, unfitting armour, see invisible, speed 3
a: no special abilities


You were on level 4 of the Dungeon.
You visited 1 branch of the dungeon, and saw 4 of its levels.

You collected 1086 gold pieces.


Innate Abilities, Weirdness & Mutations

You are very small and have problems with some larger weapons.
You are too small for most types of armour.
You have supernaturally acute eyesight. (SInv)
You cover ground extremely quickly. (Speed+++)


   Skills:
 - Level 2.0 Fighting
 + Level 5.8 Ranged Weapons
 - Level 5.5 Dodging
 - Level 1.5 Stealth


You had 4 spell levels left.
You didn't know any spells.
Your spell library was empty.

Inventory:

Hand Weapons
 a - a +0 shortbow (weapon)
Armour
 c - a +0 robe (worn)
Jewellery
 h - a ring of positive energy (left hand)
Scrolls
 b - 2 scrolls of teleportation
Potions
 d - a potion of might {unknown}
 e - a potion of haste {unknown}
 g - a potion of mutation {unknown}
 i - a potion of curing
 n - 3 potions of heal wounds {unknown}

Dungeon Overview and Level Annotations

Branches:
Dungeon (4/15)
 Temple: D:4-7

Altars:

Shops:
D:4 :

Annotations:
D:3 Natasha
D:4 Dowan, Duvessa


Message History

2703 ||| RETREEEEATING.
You shoot an arrow. The arrow hits the sleepcap.
The sleepcap is heavily damaged.
You hear a shout! x2
You shoot an arrow.
The arrow hits the sleepcap but does no damage.
The sleepcap is heavily damaged.
You hear a shout!
Enter note:
Enter note:
Enter note:
2706 ||| RETREEEEATING.
The sleepcap attacks as it pursues you! The sleepcap releases spores at you.
Dowan casts a spell.
Dowan blinks!
You shoot an arrow.
The arrow hits the sleepcap but does no damage.
The sleepcap is heavily damaged.
The sleepcap barely misses you.
You shoot an arrow. The arrow hits the sleepcap!
The sleepcap is severely damaged.
The sleepcap barely misses you.
You shoot an arrow. The arrow hits the sleepcap!
You destroy the sleepcap!
Dowan casts a spell.
Dowan blinks!
Duvessa says, "My weaknesses are his strengths!"
You shoot an arrow.
The arrow hits Duvessa but does no damage.
Duvessa hits you with a +0 short sword!
You shoot an arrow. The arrow barely misses Duvessa.
Duvessa closely misses you.
You shoot an arrow. The arrow hits Duvessa.
Duvessa is lightly wounded.
Duvessa hits you with a +0 short sword.
You shoot an arrow.
The arrow hits Duvessa but does no damage.
Duvessa is lightly wounded.
Duvessa hits you with a +0 short sword!
You die...

.######. .# # .#
.# . .# ... .#
###### .#
#..#####.# ......
.# ###.e...#.###
###### ..
............# #
#########.....# #
.......@e.#......
#
#########.#......
# #.#...... #.#
[.... # #.# #...#
## #.# ...# ###.
#.# ..### #...
#.#####...###.#.
#...............


You could see Duvessa.

Vanquished Creatures
  A bombardier beetle (D:3)
  2 hounds (D:4)
  A sleepcap (D:4)
  Terence (D:2)
  2 adders
  3 dart slugs (D:2)
  2 ribbon worms
  An orc (D:3)
  8 ball pythons
  7 endoplasms
  4 giant cockroaches
  8 goblins
  6 hobgoblins
  4 jackals (D:2)
  3 kobolds
  A quokka (D:4)
  5 bats
  4 frilled lizards
  4 rats
67 creatures vanquished.

Notes
Turn   | Place    | Note
-------+----------+-------------------------------------------
     0 | D:1      | qw the Spriggan Hunter began the quest for the Orb.
     0 | D:1      | Reached XP level 1. HP: 10/10 MP: 2/2
     0 | D:1      | 0 ||| qw: Version: 0.3-a-155-g5e7d8dd
     0 | D:1      | 0 ||| qw: Game counter: 1040
     0 | D:1      | 0 ||| qw: Melee chars always use a shield: true
     0 | D:1      | 0 ||| qw: God list: Okawaru
     0 | D:1      | 0 ||| qw: Allow faded altars: false
     0 | D:1      | 0 ||| qw: Do Orc after clearing Dungeon:15 true
     0 | D:1      | 0 ||| qw: Do second Lair branch before Depths: true
     0 | D:1      | 0 ||| qw: Lair rune preference: random
     0 | D:1      | 0 ||| qw: Goals: Normal
     0 | D:1      | 0 ||| PLANNING D:1-11
    72 | D:1      | Reached skill level 3 in Dodging
   137 | D:1      | Reached XP level 2. HP: 14/14 MP: 3/3
   594 | D:1      | 594 ||| UPGRADING to ring of positive energy.
   595 | D:1      | 595 ||| READING scroll labelled JYCWEY FOIPA.
   596 | D:1      | 596 ||| READING scroll labelled WUFURPH OQINOO.
   596 | D:1      | 596 ||| IDENTIFYING fizzy inky potion
   597 | D:1      | 597 ||| DROPPING scroll of butterflies.
   598 | D:1      | 598 ||| DROPPING potion of berserk rage.
   676 | D:2      | HP: 3/14 [constriction (1)]
   701 | D:2      | 701 ||| FLEEEEING.
   702 | D:2      | 702 ||| FLEEEEING.
   710 | D:2      | 710 ||| FLEEEEING.
   711 | D:2      | 711 ||| FLEEEEING.
   712 | D:2      | 712 ||| FLEEEEING.
   781 | D:2      | Reached XP level 3. HP: 18/18 MP: 4/4
   786 | D:2      | Noticed Terence
   789 | D:2      | Killed Terence
  1173 | D:2      | Reached XP level 4. HP: 22/22 MP: 5/5
  1542 | D:2      | 1542 ||| READING scroll labelled BYSIUP LUATT.
  1543 | D:2      | 1543 ||| READING scroll labelled MUELIEM SONUXT.
  1659 | D:3      | Found a faded altar of an unknown god.
  1702 | D:3      | Reached XP level 5. HP: 26/26 MP: 6/6
  1885 | D:3      | Noticed Natasha
  1888 | D:3      | 1888 ||| FLEEEEING.
  1889 | D:3      | 1889 ||| FLEEEEING.
  1891 | D:3      | 1891 ||| FLEEEEING.
  1892 | D:3      | 1892 ||| FLEEEEING.
  1893 | D:3      | 1893 ||| FLEEEEING.
  1894 | D:3      | 1894 ||| FLEEEEING.
  1895 | D:3      | 1895 ||| FLEEEEING.
  1896 | D:3      | 1896 ||| FLEEEEING.
  1897 | D:3      | 1897 ||| FLEEEEING.
  1899 | D:3      | 1899 ||| FLEEEEING.
  1900 | D:3      | 1900 ||| FLEEEEING.
  1901 | D:3      | 1901 ||| FLEEEEING.
  1902 | D:3      | 1902 ||| FLEEEEING.
  1903 | D:3      | 1903 ||| FLEEEEING.
  1904 | D:3      | 1904 ||| FLEEEEING.
  1906 | D:3      | 1906 ||| FLEEEEING.
  1907 | D:3      | 1907 ||| FLEEEEING.
  1908 | D:3      | 1908 ||| FLEEEEING.
  1909 | D:3      | 1909 ||| FLEEEEING.
  1910 | D:3      | 1910 ||| FLEEEEING.
  1911 | D:3      | 1911 ||| FLEEEEING.
  1913 | D:3      | 1913 ||| FLEEEEING.
  1914 | D:3      | 1914 ||| FLEEEEING.
  1915 | D:3      | 1915 ||| STAIRDANCE
  1973 | D:2      | 1973 ||| READING scroll of identify.
  1973 | D:2      | 1973 ||| IDENTIFYING sapphire potion
  1974 | D:2      | 1974 ||| READING scroll labelled TIMIDW MIVABA.
  1974 | D:2      | Identified a scroll of acquirement
  1974 | D:2      | 1974 ||| ACQUIRING 906 gold pieces
  1974 | D:2      | Acquired 906 gold pieces
  1976 | D:2      | 1976 ||| READING scroll labelled KOCIHI DIFEZ.
  1981 | D:2      | 1981 ||| READING 2 scrolls labelled BIMIDE GITUINT.
  2082 | D:2      | 2082 ||| DRINKING 2 green potions.
  2083 | D:2      | 2083 ||| DRINKING 2 bubbling golden potions.
  2084 | D:2      | 2084 ||| DROPPING potion of attraction.
  2085 | D:2      | 2085 ||| DROPPING potion of degeneration.
  2086 | D:2      | 2086 ||| DROPPING scroll of vulnerability.
  2588 | D:4      | Found Geyni's Tiny Tomes.
  2695 | D:4      | Noticed Duvessa
  2695 | D:4      | Noticed Dowan
  2696 | D:4      | 2696 ||| RETREEEEATING.
  2698 | D:4      | 2698 ||| RETREEEEATING.
  2701 | D:4      | 2701 ||| RETREEEEATING.
  2703 | D:4      | 2703 ||| RETREEEEATING.
  2706 | D:4      | 2706 ||| RETREEEEATING.
  2713 | D:4      | Slain by Duvessa

Levels and vault maps discovered:
D:1:      lightli_arrival_statue_moat, layout_rooms
D:2:      layout_basic, uniq_terence
D:3:      layout_rooms, hellmonk_ecumenical_altar_run_dry, uniq_natasha
D:4:      layout_basic, nicolae_shop_i_like_small_books_too, uniq_duvessa,
          uniq_ijyb

Skill      XL: |  1  2  3  4  5 |
---------------+----------------+-----
Dodging        | 3 4 5 |  5.5
Ranged Weapons | 5 |  5.8
Fighting       | 2 |  2.0
Stealth        | |  1.5

Action                     |  1- 3 |  4- 6 || total
---------------------------+-------+-------++-------
   Fire: Shortbow          |    99 |    93 ||   192
    Use: Scroll            |     2 |     6 ||     8
         Potion            |       |     2 ||     2
 Armour: Robe              |     7 |    17 ||    24
  Dodge: Dodged            |    33 |    27 ||    60

Table legend:
 A = Non-vault XP
 B = Vault XP
 C = Vault XP percentage of total XP
 D = Non-vault monster count
 E = Vault monster count
 F = Vault count percentage of total count
                 A         B        C        D         E       F
            +---------+---------+-------+---------+---------+-------
      Total |     303 |      32 |   9.6 |      66 |       1 |   1.5
            +---------+---------+-------+---------+---------+-------
        D:1 |      33 |       0 |   0.0 |      22 |       0 |   0.0
        D:2 |      55 |      32 |  36.8 |      21 |       1 |   4.5
        D:3 |      82 |       0 |   0.0 |      15 |       0 |   0.0
        D:4 |     133 |       0 |   0.0 |       8 |       0 |   0.0
            +---------+---------+-------+---------+---------+-------
